[Event "2nd Sparkasse Trophy Harrwitz Memorial"]
[Site "Bolzano"]
[Date "2025.04.25"]
[Round "1.1"]
[White "Di Liberto, Michele"]
[Black "Casadio, Niccolo`"]
[Result "0-1"]
[Annotator "RC"]
[ECO "B97"]
[WhiteElo "2106"]
[BlackElo "2268"]
[PlyCount "72"]
[EventDate "2025.04.19"]
[EventType "swiss"]
[EventCountry "ITA"]
[SourceTitle "playchess.com"]
[Source "ChessBase"]
[SourceQuality "1"]
[TimeControl "40/5400+30:900+30"]

1. e4 c5 2. Nf3 d6 3. d4 cxd4 4. Nxd4 Nf6 5. Nc3 a6 6. Bg5 e6 7. f4 Qb6 8. Qd2 Qxb2 9. Rb1 Qa3 10. f5 Be7 11. fxe6 Bxe6 12. Nxe6 fxe6 13. Bc4 Nbd7 14. Rb3 Qa5 15. Be3 d5 16. exd5 Rc8 17. dxe6 Nc5 18. O-O Nxb3 19. cxb3 O-O 20. Nd5 Qd8 21. Rxf6 gxf6 22. Bh6 b5 23. Qf4 Kh8 24. Bxf8 Bxf8 25. e7 Bxe7 26. Nxe7 Qxe7 27. Bd3 Qe1+ 28. Bf1 Qe5 29. Qxe5 fxe5 30. a4 b4 31. Bxa6 Rc3 32. Kf2 Rxb3 33. Bb7 Ra3 34. Ke2 b3 35. Kd3 b2+ 36. Kc2 Rb3 0-1

[Event "2nd Sparkasse Trophy Harrwitz Memorial"]
[Site "Bolzano"]
[Date "2025.04.25"]
[Round "1.2"]
[White "Tripi, Nicolo`"]
[Black "Spornberger, Andre"]
[Result "1/2-1/2"]
[Annotator "RC"]
[ECO "C15"]
[WhiteElo "2020"]
[BlackElo "2233"]
[PlyCount "40"]
[EventDate "2025.04.19"]
[EventType "swiss"]
[EventCountry "ITA"]
[SourceTitle "playchess.com"]
[Source "ChessBase"]
[SourceQuality "1"]
[TimeControl "40/5400+30:900+30"]

1. e4 e6 2. d4 d5 3. Nc3 Bb4 4. Bd2 c5 5. exd5 exd5 6. Bb5+ Nc6 7. Nf3 Nge7 8. O-O O-O 9. a3 Bxc3 10. Bxc3 c4 11. Bxc6 Nxc6 12. Ne5 Bf5 13. Re1 Rc8 14. Re3 Re8 15. Qf3 Be6 16. Rae1 b5 17. h4 Nxe5 18. Rxe5 Qd7 19. h5 h6 20. Qe2 Red8 1/2-1/2

[Event "2nd Sparkasse Trophy Harrwitz Memorial"]
[Site "Bolzano"]
[Date "2025.04.25"]
[Round "1.3"]
[White "Olivetti, Davide"]
[Black "De Vita, Gianni"]
[Result "1/2-1/2"]
[Annotator "RC"]
[ECO "B22"]
[WhiteElo "2224"]
[BlackElo "1975"]
[PlyCount "106"]
[EventDate "2025.04.19"]
[EventType "swiss"]
[EventCountry "ITA"]
[SourceTitle "playchess.com"]
[Source "ChessBase"]
[SourceQuality "1"]
[TimeControl "40/5400+30:900+30"]

1. e4 c5 2. c3 Nf6 3. e5 Nd5 4. d4 cxd4 5. Qxd4 e6 6. Nf3 Nc6 7. Qe4 d6 8. Bb5 Bd7 9. Bg5 Qb6 10. c4 Ndb4 11. a3 d5 12. Qe2 dxc4 13. Bxc4 Na6 14. O-O Na5 15. Nbd2 Nxc4 16. Nxc4 Qb5 17. Rfd1 Rc8 18. b3 Nc5 19. Nd4 Qa6 20. Qh5 b5 21. Ne3 Ne4 22. Bh4 Nc3 23. Nf3 Nxd1 24. Ng5 g6 25. Qf3 Be7 26. Qxf7+ Kd8 27. Rxd1 Rc6 28. Ne4 Qxa3 29. Bf6 Re8 30. h3 Rc1 31. Rxc1 Qxc1+ 32. Kh2 Qc7 33. Nd6 Bxf6 34. Qxf6+ Re7 35. Qh8+ Be8 36. Nxb5 Qb6 37. Nd6 Qxb3 38. Nec4 Qb4 39. Qf8 a5 40. h4 Qc3 41. Nxe8 Rxe8 42. Qd6+ Kc8 43. Qc5+ Kd8 44. Qd6+ Kc8 45. Qa6+ Kd8 46. f4 Qd4 47. Qxa5+ Ke7 48. Qb4+ Kd8 49. Qa5+ Ke7 50. Qa3+ Kd8 51. Nd6 Qxf4+ 52. g3 Qd2+ 53. Kh3 Qd5 1/2-1/2

[Event "2nd Sparkasse Trophy Harrwitz Memorial"]
[Site "Bolzano"]
[Date "2025.04.25"]
[Round "1.4"]
[White "Radice, Luca"]
[Black "Bonagura, Stefano"]
[Result "0-1"]
[Annotator "RC"]
[ECO "A56"]
[WhiteElo "1963"]
[BlackElo "2199"]
[PlyCount "64"]
[EventDate "2025.04.19"]
[EventType "swiss"]
[EventCountry "ITA"]
[SourceTitle "playchess.com"]
[Source "ChessBase"]
[SourceQuality "1"]
[TimeControl "40/5400+30:900+30"]

1. d4 Nf6 2. c4 c5 3. d5 e5 4. Nc3 d6 5. g3 g6 6. h4 Bg7 7. Bh3 O-O 8. Bg5 h6 9. Bxf6 Qxf6 10. e4 Nd7 11. Qe2 Qe7 12. Nf3 Nf6 13. Bxc8 Raxc8 14. h5 Qd7 15. hxg6 fxg6 16. Nh4 Kh7 17. f3 Nh5 18. Qh2 Qf7 19. O-O-O Bf6 20. Nxg6 Qxg6 21. Qxh5 Bg5+ 22. Kc2 Qxh5 23. Rxh5 Rxf3 24. Nb5 Rd8 25. Rd3 Rf2+ 26. Kb1 Re2 27. Nc3 Re1+ 28. Kc2 Rf8 29. Rh2 a6 30. a3 b5 31. cxb5 axb5 32. Nxb5 Rc1+ 0-1

[Event "2nd Sparkasse Trophy Harrwitz Memorial"]
[Site "Bolzano"]
[Date "2025.04.25"]
[Round "1.5"]
[White "Hofegger, Jakob"]
[Black "Heppert, Lars"]
[Result "1-0"]
[Annotator "RC"]
[ECO "C00"]
[WhiteElo "2142"]
[BlackElo "1949"]
[PlyCount "105"]
[EventDate "2025.04.19"]
[EventType "swiss"]
[EventCountry "ITA"]
[SourceTitle "playchess.com"]
[Source "ChessBase"]
[SourceQuality "1"]
[TimeControl "40/5400+30:900+30"]

1. Nf3 d5 2. g3 Nf6 3. Bg2 e6 4. O-O c5 5. d3 Nc6 6. Nbd2 Be7 7. e4 dxe4 8. dxe4 e5 9. c3 O-O 10. Qe2 Qc7 11. Nc4 b5 12. Ne3 Be6 13. Ng5 Rab8 14. Nxe6 fxe6 15. a4 a6 16. axb5 axb5 17. Bh3 Nd8 18. Ng4 Nd7 19. f3 c4 20. Be3 Bc5 21. Rfd1 Bxe3+ 22. Qxe3 Nc5 23. Bf1 Ndb7 24. Kg2 Ra8 25. Qg5 Rxa1 26. Rxa1 Nd3 27. Bxd3 cxd3 28. Rd1 Rd8 29. Qxe5 Qxe5 30. Nxe5 Nc5 31. Rd2 Rc8 32. Kf2 Kf8 33. Ke3 Ke7 34. Nxd3 Nd7 35. Rd1 Nb6 36. Ra1 Rc7 37. Ke2 Na4 38. Kd2 Nb6 39. b3 Nd7 40. Ra5 Rb7 41. Ra6 Rc7 42. Kc2 Nb8 43. Rb6 Nc6 44. Kd2 Na7 45. Ne5 Kf6 46. f4 g5 47. Ng4+ Kf7 48. fxg5 Re7 49. Ne5+ Kg7 50. h4 h6 51. gxh6+ Kf6 52. Nf3 Kg6 53. h7 1-0

[Event "2nd Sparkasse Trophy Harrwitz Memorial"]
[Site "Bolzano"]
[Date "2025.04.25"]
[Round "1.6"]
[White "Gil, Arthur"]
[Black "Sbarra, Marco"]
[Result "1/2-1/2"]
[Annotator "RC"]
[ECO "C45"]
[WhiteElo "1937"]
[BlackElo "2125"]
[PlyCount "72"]
[EventDate "2025.04.19"]
[EventType "swiss"]
[EventCountry "ITA"]
[SourceTitle "playchess.com"]
[Source "ChessBase"]
[SourceQuality "1"]
[TimeControl "40/5400+30:900+30"]

1. e4 e5 2. Nf3 Nc6 3. d4 exd4 4. Nxd4 Nf6 5. Nxc6 bxc6 6. e5 Qe7 7. Qe2 Nd5 8. c4 Nb6 9. b3 a5 10. Bb2 a4 11. Qe3 d5 12. exd6 Qxe3+ 13. fxe3 cxd6 14. Bd3 Be6 15. O-O d5 16. Bd4 axb3 17. cxd5 Nxd5 18. axb3 Rxa1 19. Bxa1 Nxe3 20. Rc1 Bd6 21. Rxc6 Ke7 22. Bd4 Nf5 23. Bc3 Bd5 24. Ra6 Bc5+ 25. Kf1 Ne3+ 26. Ke2 Nxg2 27. Bxg7 Rb8 28. Nc3 Nf4+ 29. Kd2 Bb7 30. Bf6+ Kf8 31. Ra4 Nxd3 32. Kxd3 Bg2 33. Kc4 Rc8 34. Kd3 Rb8 35. Kc4 Rc8 36. Kd3 Rb8 1/2-1/2

[Event "2nd Sparkasse Trophy Harrwitz Memorial"]
[Site "Bolzano"]
[Date "2025.04.25"]
[Round "2.1"]
[White "Casadio, Niccolo`"]
[Black "Hofegger, Jakob"]
[Result "0-1"]
[Annotator "RC"]
[ECO "B57"]
[WhiteElo "2268"]
[BlackElo "2142"]
[PlyCount "64"]
[EventDate "2025.04.19"]
[EventType "swiss"]
[EventCountry "ITA"]
[SourceTitle "playchess.com"]
[Source "ChessBase"]
[SourceQuality "1"]
[TimeControl "40/5400+30:900+30"]

1. e4 c5 2. Nf3 d6 3. d4 cxd4 4. Nxd4 Nf6 5. Nc3 Nc6 6. Bc4 Bd7 7. Be3 Rc8 8. Bb3 e6 9. Qe2 Be7 10. O-O-O a6 11. f3 Na5 12. Kb1 b5 13. g4 Nxb3 14. cxb3 b4 15. Na4 Qa5 16. g5 Nh5 17. f4 g6 18. Rc1 O-O 19. Rhf1 Ng7 20. Qd2 e5 21. Ne2 Bxa4 22. bxa4 Qxa4 23. f5 b3 24. axb3 Qxe4+ 25. Ka2 Nxf5 26. Rxf5 Qxf5 27. Nc3 Qe6 28. Rf1 Rb8 29. Nd5 Rb5 30. Rd1 Rfb8 31. b4 Rxb4 32. h4 Rd4 0-1

[Event "2nd Sparkasse Trophy Harrwitz Memorial"]
[Site "Bolzano"]
[Date "2025.04.25"]
[Round "2.2"]
[White "Bonagura, Stefano"]
[Black "Csontos, Aron"]
[Result "0-1"]
[Annotator "RC"]
[ECO "E14"]
[WhiteElo "2199"]
[BlackElo "2262"]
[PlyCount "100"]
[EventDate "2025.04.19"]
[EventType "swiss"]
[EventCountry "ITA"]
[SourceTitle "playchess.com"]
[Source "ChessBase"]
[SourceQuality "1"]
[TimeControl "40/5400+30:900+30"]

1. d4 Nf6 2. Nf3 e6 3. e3 c5 4. Bd3 cxd4 5. exd4 b6 6. O-O Bb7 7. c4 d6 8. Nc3 Be7 9. Re1 O-O 10. d5 e5 11. Rb1 Nbd7 12. b4 Kh8 13. Nd2 Ng8 14. Nb3 f5 15. f4 Ba6 16. b5 Bc8 17. Ba3 Qc7 18. Bf1 e4 19. Nd4 Nc5 20. Bxc5 dxc5 21. Nc6 Qxf4 22. Qc1 Qd6 23. g3 Bf6 24. Ne2 Bd7 25. Qf4 Qxf4 26. Nxf4 g5 27. Nh3 Nh6 28. Nf2 g4 29. Nd1 Nf7 30. Ne3 Nd6 31. Ng2 a6 32. a4 axb5 33. axb5 Kg7 34. Nf4 Kf7 35. h3 Ra3 36. Kh2 gxh3 37. Bxh3 Nxc4 38. Ne6 Rg8 39. Bxf5 Nd2 40. Bxe4 Nxb1 41. Bxb1 Rgxg3 42. Bf5 Rge3 43. Rf1 Rf3 44. Rxf3 Rxf3 45. Ng5+ Bxg5 46. Bxd7 Bf4+ 47. Kg2 Rb3 48. Kf2 Kf6 49. Na7 c4 50. Ke2 Rb2+ 0-1

[Event "2nd Sparkasse Trophy Harrwitz Memorial"]
[Site "Bolzano"]
[Date "2025.04.25"]
[Round "2.3"]
[White "Spornberger, Andre"]
[Black "Bodrov, Timofey"]
[Result "1/2-1/2"]
[Annotator "RC"]
[ECO "D02"]
[WhiteElo "2233"]
[BlackElo "2113"]
[PlyCount "69"]
[EventDate "2025.04.19"]
[EventType "swiss"]
[EventCountry "ITA"]
[SourceTitle "playchess.com"]
[Source "ChessBase"]
[SourceQuality "1"]
[TimeControl "40/5400+30:900+30"]

1. d4 Nf6 2. Bf4 d5 3. e3 c5 4. c3 e6 5. Nd2 Bd6 6. Bg3 O-O 7. Ngf3 Nc6 8. Bd3 b6 9. O-O Bb7 10. Ne5 Ne7 11. a4 a5 12. Re1 Nf5 13. Bf4 Ne4 14. Bb5 f6 15. Nd3 Nxd2 16. Qxd2 c4 17. e4 dxe4 18. Bxc4 Bd5 19. Bxd5 exd5 20. Bxd6 Qxd6 21. Nf4 Rae8 22. g3 Nh6 23. Qe2 g5 24. Ng2 f5 25. Qh5 Qg6 26. Qxg6+ hxg6 27. Ne3 Rd8 28. Ra3 f4 29. Nf1 Nf5 30. Rb3 Rd6 31. Rb5 Rc8 32. Nd2 Kf7 33. g4 Nh4 34. c4 dxc4 35. Nxe4 1/2-1/2

[Event "2nd Sparkasse Trophy Harrwitz Memorial"]
[Site "Bolzano"]
[Date "2025.04.25"]
[Round "2.4"]
[White "Unterweger, Jonas"]
[Black "Olivetti, Davide"]
[Result "1-0"]
[Annotator "RC"]
[ECO "D02"]
[WhiteElo "2109"]
[BlackElo "2224"]
[PlyCount "93"]
[EventDate "2025.04.19"]
[EventType "swiss"]
[EventCountry "ITA"]
[SourceTitle "playchess.com"]
[Source "ChessBase"]
[SourceQuality "1"]
[TimeControl "40/5400+30:900+30"]

1. d4 d5 2. Nf3 Nf6 3. c3 e6 4. Bf4 Bd6 5. e3 b6 6. Nbd2 O-O 7. Bg3 Bb7 8. Ne5 Nbd7 9. Bd3 Ne4 10. Nxe4 dxe4 11. Bb5 Nxe5 12. dxe5 Be7 13. O-O a6 14. Be2 b5 15. a4 b4 16. Qc2 Qb8 17. Rac1 Bd5 18. cxb4 Qxb4 19. Qxc7 g5 20. Rfd1 Rfb8 21. Rd4 Qb7 22. Qxb7 Rxb7 23. Rc2 a5 24. Bb5 h5 25. f3 exf3 26. e4 Ba2 27. gxf3 Raa7 28. Be1 Rc7 29. Rxc7 Rxc7 30. Rd7 Bc5+ 31. Kg2 Rc8 32. Bxa5 Bf8 33. Bc7 Kg7 34. Kf2 Bc5+ 35. Ke2 g4 36. a5 Bg1 37. b4 Bxh2 38. fxg4 h4 39. Kf3 Bb1 40. Bf1 Kg6 41. b5 f5 42. exf5+ exf5 43. gxf5+ Bxf5 44. Rd6+ Kh5 45. b6 Bg4+ 46. Ke4 Re8 47. Rd8 1-0

[Event "2nd Sparkasse Trophy Harrwitz Memorial"]
[Site "Bolzano"]
[Date "2025.04.25"]
[Round "2.5"]
[White "Sbarra, Marco"]
[Black "Valente, Luca"]
[Result "0-1"]
[Annotator "RC"]
[ECO "E49"]
[WhiteElo "2125"]
[BlackElo "1885"]
[PlyCount "67"]
[EventDate "2025.04.19"]
[EventType "swiss"]
[EventCountry "ITA"]
[SourceTitle "playchess.com"]
[Source "ChessBase"]
[SourceQuality "1"]
[TimeControl "40/5400+30:900+30"]

1. d4 Nf6 2. c4 e6 3. Nc3 Bb4 4. e3 O-O 5. Bd3 d5 6. Nge2 dxc4 7. Bxc4 c5 8. a3 Bxc3+ 9. bxc3 cxd4 10. cxd4 b6 11. O-O Bb7 12. f3 Nc6 13. e4 Rc8 14. Ba2 Ba6 15. Bb2 Bxe2 16. Qxe2 Nxd4 17. Qf2 Nc6 18. Rac1 Qe7 19. Rc2 Na5 20. Rfc1 Rxc2 21. Qxc2 h6 22. e5 Nd5 23. Qe4 Rd8 24. h4 h5 25. Rc2 Ne3 26. Rc1 Nf5 27. Bb1 g6 28. Qb4 Qxb4 29. axb4 Nb3 30. Re1 Nxh4 31. Bc3 Nd4 32. Be4 Nb5 33. Bb2 Nxg2 34. Ra1 0-1

[Event "2nd Sparkasse Trophy Harrwitz Memorial"]
[Site "Bolzano"]
[Date "2025.04.25"]
[Round "2.6"]
[White "De Vita, Gianni"]
[Black "Tripi, Nicolo`"]
[Result "1-0"]
[Annotator "NA RC"]
[ECO "B50"]
[WhiteElo "1975"]
[BlackElo "2020"]
[PlyCount "57"]
[EventDate "2025.04.19"]
[EventType "swiss"]
[EventCountry "ITA"]
[SourceTitle "playchess.com"]
[Source "ChessBase"]
[SourceQuality "1"]
[TimeControl "40/5400+30:900+30"]

1. e4 c5 2. Nf3 d6 3. b4 cxb4 4. d4 Nf6 5. Bd3 e6 6. O-O Be7 7. Re1 O-O 8. a3 Nc6 9. axb4 Nxb4 10. Bf1 Qc7 11. c3 Nc6 12. Na3 a6 13. Bd2 Bd7 14. Bd3 b5 15. Nc2 Rfc8 16. Ne3 d5 17. exd5 Nxd5 18. Nxd5 exd5 19. Rxe7 Nxe7 20. Ng5 Bf5 21. Qh5 Bxd3 22. Qxf7+ Kh8 23. Ne6 Ng8 24. Nxc7 Ra7 25. Bf4 Nf6 26. Bh6 Rg8 27. Rxa6 Bg6 28. Qe7 Rxc7 29. Qxc7 1-0

[Event "2nd Sparkasse Trophy Harrwitz Memorial"]
[Site "Bolzano"]
[Date "2025.04.26"]
[Round "3.1"]
[White "Csontos, Aron"]
[Black "Hofegger, Jakob"]
[Result "1/2-1/2"]
[Annotator "ChessBase"]
[ECO "B53"]
[WhiteElo "2262"]
[BlackElo "2142"]
[PlyCount "91"]
[EventDate "2025.04.19"]
[EventType "swiss"]
[EventCountry "ITA"]
[SourceTitle "playchess.com"]
[Source "ChessBase"]
[SourceQuality "1"]
[TimeControl "40/5400+30:900+30"]

1. e4 c5 2. Nf3 d6 3. d4 cxd4 4. Qxd4 Nc6 5. Bb5 Bd7 6. Bxc6 Bxc6 7. Nc3 Nf6 8. Bg5 e6 9. O-O-O Be7 10. Qd3 Qa5 11. h4 h6 12. Bxf6 Bxf6 13. Nd4 Rc8 14. Kb1 a6 15. f4 Qb6 16. Nce2 h5 17. c3 Qc5 18. f5 e5 19. Nxc6 Rxc6 20. Ng3 Ke7 21. Nf1 Qc4 22. Ne3 Qxd3+ 23. Rxd3 b5 24. g3 Rb8 25. Rc1 Rbc8 26. b3 Kd7 27. Nd5 Bd8 28. Nb4 Rb6 29. Rd5 a5 30. Nd3 Ke7 31. Kb2 Rb7 32. Nf2 Rbb8 33. Nd1 Bb6 34. Rc2 b4 35. c4 Bd4+ 36. Kb1 Rc5 37. Nb2 Rbc8 38. Nd3 Rxd5 39. cxd5 Rxc2 40. Kxc2 Kf6 41. Kd2 g5 42. Ke2 g4 43. Nc1 Bb2 44. Kd2 Bxc1+ 45. Kxc1 Ke7 46. Kd2 1/2-1/2

[Event "2nd Sparkasse Trophy Harrwitz Memorial"]
[Site "Bolzano"]
[Date "2025.04.26"]
[Round "3.2"]
[White "Bodrov, Timofey"]
[Black "Unterweger, Jonas"]
[Result "1-0"]
[Annotator "NA"]
[ECO "C00"]
[WhiteElo "2113"]
[BlackElo "2109"]
[PlyCount "103"]
[EventDate "2025.04.19"]
[EventType "swiss"]
[EventCountry "ITA"]
[SourceTitle "playchess.com"]
[Source "ChessBase"]
[SourceQuality "1"]
[TimeControl "40/5400+30:900+30"]

1. Nf3 d5 2. g3 Nf6 3. Bg2 e6 4. O-O Be7 5. d3 O-O 6. Nbd2 c5 7. e4 Nc6 8. Re1 Re8 9. e5 Nd7 10. Nf1 Qc7 11. Bf4 b5 12. h4 Bb7 13. h5 h6 14. N1h2 b4 15. Ng4 Bf8 16. Qd2 Kh7 17. a3 bxa3 18. Rxa3 Rab8 19. c4 Nb6 20. b3 Red8 21. Qe2 Ba8 22. Rea1 Rd7 23. Qc2 Kg8 24. Bxh6 f5 25. exf6 gxh6 26. d4 Nxd4 27. Qg6+ Kh8 28. Nxd4 cxd4 29. Rxa7 Bb7 30. cxd5 exd5 31. Bf1 Nc8 32. Nxh6 Rg7 33. fxg7+ Qxg7 34. Nf7+ Kg8 35. Nh6+ Kh8 36. Nf7+ Kg8 37. R7a2 Qxg6 38. hxg6 Kg7 39. Ne5 Nb6 40. Nd3 Kxg6 41. Re1 Nd7 42. Bh3 Nc5 43. Nxc5 Bxc5 44. b4 Bxb4 45. Re6+ Kf7 46. Rb6 Bc5 47. Rb5 Bc8 48. Rxb8 Bxh3 49. Rb5 Be7 50. Rd2 Bf6 51. Rxd5 Be6 52. R5xd4 1-0

[Event "2nd Sparkasse Trophy Harrwitz Memorial"]
[Site "Bolzano"]
[Date "2025.04.26"]
[Round "3.3"]
[White "Valente, Luca"]
[Black "De Vita, Gianni"]
[Result "1/2-1/2"]
[Annotator "NA RC"]
[ECO "A12"]
[WhiteElo "1885"]
[BlackElo "1975"]
[PlyCount "57"]
[EventDate "2025.04.19"]
[EventType "swiss"]
[EventCountry "ITA"]
[SourceTitle "playchess.com"]
[Source "ChessBase"]
[SourceQuality "1"]
[TimeControl "40/5400+30:900+30"]

1. Nf3 d5 2. c4 c6 3. b3 Nf6 4. Bb2 Bg4 5. e3 Nbd7 6. Be2 e6 7. O-O Bd6 8. h3 Bh5 9. d3 O-O 10. Nbd2 Re8 11. e4 e5 12. exd5 cxd5 13. Re1 d4 14. Ng5 Bg6 15. Bf1 Nc5 16. Nge4 Ncxe4 17. Nxe4 Nxe4 18. dxe4 Bb4 19. Re2 Bh5 20. g4 Bg6 21. a3 Be7 22. Re1 Bg5 23. Bd3 Bf4 24. Bc1 Qg5 25. Qf3 Bxc1 26. Raxc1 Re6 27. Rcd1 Rf6 28. Qg3 Rf4 29. f3 1/2-1/2

[Event "2nd Sparkasse Trophy Harrwitz Memorial"]
[Site "Bolzano"]
[Date "2025.04.26"]
[Round "3.4"]
[White "Radice, Luca"]
[Black "Spornberger, Andre"]
[Result "0-1"]
[Annotator "ChessBase"]
[ECO "C15"]
[WhiteElo "1963"]
[BlackElo "2233"]
[PlyCount "106"]
[EventDate "2025.04.19"]
[EventType "swiss"]
[EventCountry "ITA"]
[SourceTitle "playchess.com"]
[Source "ChessBase"]
[SourceQuality "1"]
[TimeControl "40/5400+30:900+30"]

1. d4 e6 2. e4 d5 3. Nc3 Bb4 4. Nge2 dxe4 5. a3 Be7 6. Nxe4 Nf6 7. N2g3 O-O 8. Be2 b6 9. O-O Bb7 10. Bf3 Qc8 11. c3 Nbd7 12. Nxf6+ Nxf6 13. Bxb7 Qxb7 14. Bg5 h6 15. Bxf6 Bxf6 16. Nh5 Be7 17. Qg4 g6 18. Rfe1 Kh7 19. Nf4 Bd6 20. Nd3 a5 21. Qe4 Qxe4 22. Rxe4 Rac8 23. Rd1 Rfd8 24. Ree1 Kg7 25. Ne5 Bxe5 26. dxe5 Kf8 27. Kf1 Ke7 28. Ke2 Rd5 29. Rxd5 exd5 30. f4 Ke6 31. Kf3 g5 32. fxg5 hxg5 33. Kg4 Rg8 34. g3 c5 35. Rf1 Kxe5 36. Rxf7 d4 37. cxd4+ cxd4 38. Rd7 Ke4 39. Re7+ Kd3 40. Re6 Kc2 41. Rc6+ Kd2 42. Rxb6 d3 43. b4 a4 44. Rd6 Ke2 45. Re6+ Kd1 46. b5 Rd8 47. b6 d2 48. b7 Kc2 49. Rc6+ Kd3 50. Rd6+ Rxd6 51. b8=Q d1=Q+ 52. Kxg5 Qd2+ 53. Kg4 Qe2+ 0-1

[Event "2nd Sparkasse Trophy Harrwitz Memorial"]
[Site "Bolzano"]
[Date "2025.04.26"]
[Round "3.5"]
[White "Di Liberto, Michele"]
[Black "Bonagura, Stefano"]
[Result "0-1"]
[Annotator "RC"]
[ECO "B15"]
[WhiteElo "2106"]
[BlackElo "2199"]
[PlyCount "72"]
[EventDate "2025.04.19"]
[EventType "swiss"]
[EventCountry "ITA"]
[SourceTitle "playchess.com"]
[Source "ChessBase"]
[SourceQuality "1"]
[TimeControl "40/5400+30:900+30"]

1. e4 g6 2. d4 Bg7 3. Nc3 c6 4. Be3 d5 5. f3 dxe4 6. fxe4 Nf6 7. Be2 Qb6 8. e5 Nd5 9. Nxd5 cxd5 10. b3 Nc6 11. Qd2 Bf5 12. c3 h5 13. Bf3 e6 14. Ne2 Rc8 15. Ng3 Ne7 16. O-O h4 17. Ne2 Nc6 18. Rac1 Bf8 19. c4 Bb4 20. Qb2 Nxe5 21. c5 Nxf3+ 22. Rxf3 Qa6 23. a4 Bg4 24. Rf2 Bxe2 25. Rxe2 Ba3 26. Qxa3 Qxe2 27. Bg5 Rh5 28. Bf6 Rf5 29. Bxh4 Qe3+ 30. Kh1 Qf4 31. g3 Qf3+ 32. Kg1 Qe3+ 33. Kh1 Qe4+ 34. Kg1 Qxd4+ 35. Kh1 Rf2 36. c6 Qe4+ 0-1

[Event "2nd Sparkasse Trophy Harrwitz Memorial"]
[Site "Bolzano"]
[Date "2025.04.26"]
[Round "3.6"]
[White "Olivetti, Davide"]
[Black "Gil, Arthur"]
[Result "1-0"]
[Annotator "RC"]
[ECO "C30"]
[WhiteElo "2224"]
[BlackElo "1937"]
[PlyCount "69"]
[EventDate "2025.04.19"]
[EventType "swiss"]
[EventCountry "ITA"]
[SourceTitle "playchess.com"]
[Source "ChessBase"]
[SourceQuality "1"]
[TimeControl "40/5400+30:900+30"]

1. e4 e5 2. f4 Nc6 3. Nf3 f5 4. d4 fxe4 5. Nxe5 d6 6. Nc4 Qf6 7. Nc3 Qxd4 8. Qe2 d5 9. Qh5+ g6 10. Qxd5 Nf6 11. Qxd4 Nxd4 12. Ne3 Bf5 13. Nb5 Nxb5 14. Bxb5+ c6 15. Be2 Bc5 16. h3 h5 17. Bc4 Ke7 18. c3 Rad8 19. b4 Bb6 20. a4 Nd5 21. Bxd5 cxd5 22. Nc2 a5 23. Rb1 Rc8 24. bxa5 Bxa5 25. Rxb7+ Kd8 26. O-O Bxc3 27. Be3 Rc4 28. Rd1 Kc8 29. Ra7 Be6 30. Nd4 Bxd4 31. Bxd4 Re8 32. Be5 Rc2 33. Rb1 Kd8 34. Rb8+ Bc8 35. Bf6+ 1-0

[Event "2nd Sparkasse Trophy Harrwitz Memorial"]
[Site "Bolzano"]
[Date "2025.04.26"]
[Round "4.1"]
[White "Hofegger, Jakob"]
[Black "Bodrov, Timofey"]
[Result "1/2-1/2"]
[Annotator "NA"]
[ECO "A21"]
[WhiteElo "2142"]
[BlackElo "2113"]
[PlyCount "44"]
[EventDate "2025.04.19"]
[EventType "swiss"]
[EventCountry "ITA"]
[SourceTitle "playchess.com"]
[Source "ChessBase"]
[SourceQuality "1"]
[TimeControl "40/5400+30:900+30"]

1. Nf3 g6 2. g3 Bg7 3. Bg2 e5 4. d3 Ne7 5. c4 c6 6. Nc3 d6 7. O-O O-O 8. Rb1 f5 9. Bd2 h6 10. b4 Be6 11. b5 Nd7 12. Qc2 g5 13. bxc6 bxc6 14. Qa4 Nc5 15. Qa3 Qd7 16. Be3 e4 17. dxe4 Nxe4 18. Nxe4 fxe4 19. Nd2 d5 20. Bc5 Rf7 21. Rfd1 Qe8 22. Qa6 Nf5 1/2-1/2

[Event "2nd Sparkasse Trophy Harrwitz Memorial"]
[Site "Bolzano"]
[Date "2025.04.26"]
[Round "4.2"]
[White "Casadio, Niccolo`"]
[Black "Csontos, Aron"]
[Result "1/2-1/2"]
[Annotator "ChessBase"]
[ECO "C54"]
[WhiteElo "2268"]
[BlackElo "2262"]
[PlyCount "64"]
[EventDate "2025.04.19"]
[EventType "swiss"]
[EventCountry "ITA"]
[SourceTitle "playchess.com"]
[Source "ChessBase"]
[SourceQuality "1"]
[TimeControl "40/5400+30:900+30"]

1. e4 e5 2. Nf3 Nc6 3. Bc4 Bc5 4. O-O Nf6 5. d3 O-O 6. c3 d6 7. h3 a6 8. a4 Ba7 9. Nbd2 Ne7 10. Re1 c6 11. Bb3 Ng6 12. Nf1 Nh5 13. d4 Qc7 14. Be3 Nhf4 15. Ng3 Kh8 16. Nf5 d5 17. Nxe5 dxe4 18. Bxf4 Nxf4 19. Qg4 f6 20. Nf7+ Rxf7 21. Bxf7 g6 22. Bxg6 hxg6 23. Rxe4 Bxf5 24. Qxf4 Qxf4 25. Rxf4 Bb8 26. Rf3 Kg7 27. Re3 Bd6 28. Rae1 Kf7 29. a5 c5 30. dxc5 Bxc5 31. R3e2 Rd8 32. b4 Bd6 1/2-1/2

[Event "2nd Sparkasse Trophy Harrwitz Memorial"]
[Site "Bolzano"]
[Date "2025.04.26"]
[Round "4.3"]
[White "Spornberger, Andre"]
[Black "De Vita, Gianni"]
[Result "1-0"]
[Annotator "ChessBase"]
[ECO "D00"]
[WhiteElo "2233"]
[BlackElo "1975"]
[PlyCount "51"]
[EventDate "2025.04.19"]
[EventType "swiss"]
[EventCountry "ITA"]
[SourceTitle "playchess.com"]
[Source "ChessBase"]
[SourceQuality "1"]
[TimeControl "40/5400+30:900+30"]

1. d4 d5 2. Bf4 c5 3. e3 Nc6 4. c3 Nf6 5. Nd2 h6 6. Bd3 cxd4 7. exd4 g5 8. Bg3 h5 9. h4 g4 10. Ne2 e6 11. O-O Bd6 12. Rc1 e5 13. dxe5 Nxe5 14. Bb1 Ng6 15. Nf4 Nxf4 16. Bxf4 Ne4 17. Bxd6 Nxd6 18. Qa4+ b5 19. Qd4 Rh6 20. Qxd5 Bb7 21. Qe5+ Kf8 22. Ne4 Qe7 23. Qf4 Re6 24. Nc5 Re2 25. Bd3 Rxb2 26. Qh6+ 1-0

[Event "2nd Sparkasse Trophy Harrwitz Memorial"]
[Site "Bolzano"]
[Date "2025.04.26"]
[Round "4.4"]
[White "Bonagura, Stefano"]
[Black "Valente, Luca"]
[Result "1-0"]
[Annotator "ChessBase"]
[ECO "D04"]
[WhiteElo "2199"]
[BlackElo "1885"]
[PlyCount "71"]
[EventDate "2025.04.19"]
[EventType "swiss"]
[EventCountry "ITA"]
[SourceTitle "playchess.com"]
[Source "ChessBase"]
[SourceQuality "1"]
[TimeControl "40/5400+30:900+30"]

1. d4 Nf6 2. Nf3 d5 3. e3 c6 4. Nbd2 Bg4 5. h3 Bh5 6. g4 Bg6 7. Ne5 Nfd7 8. Nxg6 hxg6 9. c4 e5 10. Qb3 Qb6 11. Qxb6 axb6 12. cxd5 exd4 13. exd4 Nf6 14. dxc6 Nxc6 15. Bb5 O-O-O 16. Nf3 Nb4 17. Bf4 Nc6 18. Rc1 Nd5 19. Bg3 Bb4+ 20. Kf1 f6 21. a3 Be7 22. Kg2 Kd7 23. Bd3 Bd6 24. Bxg6 Bxg3 25. Kxg3 Nce7 26. Be4 Rc8 27. h4 Kd6 28. h5 Rxc1 29. Rxc1 Rc8 30. Rxc8 Nxc8 31. Nh4 Nce7 32. f4 Nc7 33. Bxb7 Ne6 34. Nf3 Nd5 35. Bxd5 Kxd5 36. g5 1-0